 Dungeon Crawl Stone Soup version 0.19.1-1-g22dce08 (webtiles) character file.

3243 kae the Basher (level 10, -4/78 (79) HPs)
             Began as a Formicid Fighter on Jan 3, 2017.
             Was a Believer of Okawaru.
             Killed from afar by an electric eel (10 damage)
             ... with a bolt of electricity
             ... on level 8 of the Dungeon.
             The game lasted 00:09:34 (7848 turns).

kae the Basher (Formicid Fighter)                   Turns: 7848, Time: 00:09:34

HP:   -4/78 (79)    AC: 10    Str: 23    XL:     10   Next: 18%
MP:   12/12         EV:  9    Int:  9    God:    Okawaru [**....]
Gold: 86            SH: 11    Dex: 14    Spells: 0 memorised, 9 levels left

rFire  . . .     SeeInvis +     g - +2 flail (crush)
rCold  + . .     Gourm    .     b - +0 scale mail
rNeg   . . .     Faith    .     c - +0 shield
rPois  .         Spirit   .     (helmet unavailable)
rElec  .         Reflect  .     s - +1 cloak
rCorr  .         Harm     .     (no gloves)
MR     +....                    (no boots)
Stlth  ..........               (no amulet)
                                p - +4 ring of dexterity
                                e - ring of protection from cold

@: no status effects
A: permanent stasis, dig shafts and tunnels, four strong arms, antennae 3
a: Dig, Shaft Self, Heroism, Renounce Religion


You were on level 8 of the Dungeon.
You worshipped Okawaru.
Okawaru was pleased with you.
You were hungry.

You visited 2 branches of the dungeon, and saw 9 of its levels.

You collected 352 gold pieces.
You spent 266 gold pieces at shops.

Inventory:

Hand Weapons
 a - a +1 flail
 g - a +2 flail of crushing (weapon)
Missiles
 d - a throwing net (quivered)
Armour
 b - a +0 scale mail (worn)
 c - a +0 shield (worn)
 s - a +1 cloak (worn)
Jewellery
 e - a ring of protection from cold (left hand)
 j - the ring "Num Luot" {+Fly rPois rF+ rN+ Dex+5, unknown}
   (You found it on level 6 of the Dungeon)

   [ring of flight]

   It affects your dexterity (+5).
   It protects you from fire.
   It protects you from poison.
   It protects you from negative energy.
   It lets you fly.
 p - a +4 ring of dexterity (right hand)
 A - a cursed amulet of inaccuracy {unknown}
Wands
 w - a wand of random effects (30/48)
 x - a wand of flame (33/48)
 B - a wand of random effects (17/48)
Scrolls
 i - 7 scrolls of remove curse
 u - 5 scrolls of identify
 z - a scroll of enchant armour
Potions
 l - a potion of heal wounds
 n - a potion of lignification
 q - 2 potions of brilliance
 r - a potion of magic
 t - a potion of curing
 v - a potion of might
Books
 y - a book of Maledictions

   Spells                             Type                      Level
   a - Corona                         Hexes                        1
   b - Ensorcelled Hibernation        Hexes/Ice                    2
   c - Confuse                        Hexes                        3
   d - Tukima's Dance                 Hexes                        3
   e - Dazzling Spray                 Conjuration/Hexes            3
Comestibles
 f - 4 bread rations
 h - a slice of pizza
 k - 11 fruits
 m - 5 meat rations
 o - a royal jelly


   Skills:
 + Level 7.3 Fighting
 * Level 8.7 Maces & Flails
 + Level 7.5 Armour
 + Level 8.0 Shields
 + Level 3.0 Invocations


You had 9 spell levels left.
You didn't know any spells.

Dungeon Overview and Level Annotations

Branches:
Dungeon (8/15)             Temple (1/1) D:5
   Lair: D:8-11

Altars:
Ashenzari
Cheibriados
Elyvilon
Fedhas
Gozag
Hepliaklqana
Okawaru
Qazlal
Ru
Sif Muna
Zin

Shops:
D:5 !   D:7 :?


Innate Abilities, Weirdness & Mutations

You are under a permanent stasis effect.
You can dig through walls and to a lower floor.
Your four strong arms can wield two-handed weapons with a shield.
You have a pair of large antennae on your head. (SInv)


Message History

The bolt of electricity hits the plant.
The bolt of electricity hits you!
You hit the plant but do no damage.
The plant is lightly damaged.
The electric eel shoots out a bolt of lightning at you!
The bolt of electricity hits the plant.
The bolt of electricity hits you!
The electric eel shoots out a bolt of lightning at you!
The bolt of electricity hits you! x2
You barely miss the electric eel. You barely miss the electric eel.
You miss the electric eel.
The electric eel shoots out a bolt of lightning at you!
The bolt of electricity hits you!
* * * LOW HITPOINT WARNING * * *
The bolt of electricity hits you!
* * * LOW HITPOINT WARNING * * *
You sock the electric eel!
The electric eel is almost dead.
The electric eel shoots out a bolt of lightning at you!
The bolt of electricity hits you!
You die...

*,****,** #......
#####.* *,.######.....
#...#.* **......#.....
#P....####*****#.......
#..PP....## ##......
#......#..### #......
#♣..P.P.#....######.....
#..≈≈≈..P..........#....
#..≈≈≈;@..##.#####.##...
#..♣≈≈≈....#...###.##...
*,,♣≈≈♣≈♣..#.#..##.#####
*...♣≈≈≈P..#.##...)....#
*♣.,♣≈≈≈...#.#####......
#.,,P≈≈♣..[#..## #......
#,,P...........###......
*,....P..>.≈≈≈..##......
*,,,,.....P♣≈♣♣.........


You could see an electric eel.

Vanquished Creatures
  Joseph (D:7)
  An ice beast (D:5)
  A sky beast (D:5)
  6 ogres
  A necrophage (D:8)
  3 centaurs
  Blork the orc (D:5)
  5 bullfrogs
  A scorpion (D:5)
  4 killer bees (D:7)
  4 wights (D:6)
  An electric eel (D:8)
  4 crimson imps
  2 orc priests
  A hound (D:5)
  A jelly (D:7)
  A bullfrog skeleton (D:7)
  3 iguanas
  7 worker ants
  Crazy Yiuf (D:3)
  6 orc wizards
  2 hound zombies
  2 hound skeletons
  6 gnolls
  15 adders
  2 oozes
  3 worms
  A dart slug (D:3)
  5 leopard geckos
  21 orcs
  12 giant cockroaches
  3 goblins
  7 hobgoblins
  15 jackals
  11 kobolds
  A ball python (D:1)
  A ball python skeleton (D:4)
  3 bats
  7 frilled lizards
  A quokka zombie (D:5)
  12 rats
185 creatures vanquished.

Notes
Turn   | Place    | Note
-------+----------+-------------------------------------------
     0 | D:1      | kae the Formicid Fighter began the quest for the Orb.
     0 | D:1      | Reached XP level 1. HP: 18/18 MP: 1/1
   147 | D:1      | Reached XP level 2. HP: 24/24 MP: 2/2
   867 | D:1      | Reached XP level 3. HP: 29/29 MP: 3/3
  1303 | D:2      | Reached XP level 4. HP: 24/35 MP: 4/4
  1781 | D:2      | Noticed an ogre
  1788 | D:2      | Killed an ogre
  1788 | D:2      | Reached XP level 5. HP: 18/42 MP: 5/5
  2111 | D:3      | Reached XP level 6. HP: 47/48 MP: 6/6
  2618 | D:3      | Found a deep blue altar of Sif Muna.
  2629 | D:3      | Reached skill level 5 in Armour
  2630 | D:3      | Found a sacrificial altar of Ru.
  2938 | D:3      | Found a snail-covered altar of Cheibriados.
  2940 | D:3      | Found a shattered altar of Ashenzari.
  2942 | D:3      | Found an opulent altar of Gozag.
  3036 | D:3      | Found a runed door.
  3187 | D:3      | Reached XP level 7. HP: 41/55 MP: 7/7
  3370 | D:3      | Noticed Crazy Yiuf
  3374 | D:3      | Killed Crazy Yiuf
  3374 | D:3      | Reached skill level 5 in Shields
  3687 | D:4      | Reached skill level 5 in Maces & Flails
  3920 | D:4      | Reached skill level 5 in Fighting
  4409 | D:4      | Reached XP level 8. HP: 16/62 MP: 8/8
  4705 | D:5      | Entered Level 5 of the Dungeon
  4771 | D:5      | Found Anakky's Distillery.
  4791 | D:5      | Bought a potion of heal wounds for 50 gold pieces
  4791 | D:5      | Bought a potion of curing for 30 gold pieces
  4791 | D:5      | Bought a potion of degeneration for 10 gold pieces
  4791 | D:5      | Bought 2 potions of might for 80 gold pieces
  4975 | D:5      | Found a staircase to the Ecumenical Temple.
  4997 | Temple   | Entered the Ecumenical Temple
  5031 | Temple   | Became a worshipper of Warmaster Okawaru
  5299 | D:5      | Noticed Blork the orc
  5318 | D:5      | Killed Blork the orc
  5318 | D:5      | Reached XP level 9. HP: 69/69 MP: 9/9
  5334 | D:5      | Found a glowing drain.
  5460 | D:5      | Reached * piety under Okawaru
  5932 | D:6      | Got a pitted iron ring
  6587 | D:7      | Reached skill level 1 in Invocations
  6798 | D:7      | Noticed Joseph
  6802 | D:7      | Found Naneasif's Book Shoppe.
  6814 | D:7      | Killed Joseph
  6818 | D:7      | Reached ** piety under Okawaru
  6818 | D:7      | Reached XP level 10. HP: 30/79 MP: 9/11
  7084 | D:7      | Found Biakaymm's Magic Scroll Emporium.
  7087 | D:7      | Bought a scroll of identify for 24 gold pieces
  7087 | D:7      | Bought a scroll of identify for 24 gold pieces
  7087 | D:7      | Bought a scroll of identify for 24 gold pieces
  7087 | D:7      | Bought a scroll of identify for 24 gold pieces
  7848 | D:8      | Killed from afar by an electric eel

Skill      XL: |  1  2  3  4  5  6  7  8  9 10 |
---------------+-------------------------------+-----
Armour         | 4 5 6 7 |  7.5
Shields        | 4 5 6 7 8 |  8.0
Maces & Flails | 3 4 5 6 8 |  8.7
Fighting       | 4 5 7 |  7.3
Invocations    | 2 3 |  3.0

Action                   |  1- 3 |  4- 6 |  7- 9 | 10-12 || total
-------------------------+-------+-------+-------+-------++-------
Melee: Flail             |    96 |   193 |   388 |    62 ||   739
 Abil: Dig               |       |     1 |     4 |       ||     5
  Use: Scroll            |       |     4 |     7 |     1 ||    12
       Potion            |       |     1 |     3 |       ||     4
  Eat: Chunk             |     1 |     7 |    12 |     3 ||    23
Armor: Scale mail        |    40 |    60 |   115 |     8 ||   223
Dodge: Dodged            |    32 |    57 |   138 |    13 ||   240
Block: Shield            |    35 |    89 |   206 |    19 ||   349
